 Dungeon Crawl Stone Soup version 0.20.1-1-g8b1a95d (webtiles) character file.

56 Scotteh the Skirmisher (level 3, -2/33 HPs)
             Began as a Draconian Berserker on July 13, 2017.
             Was a Believer of Trog.
             Slain by a gnoll
             ... wielding a +0 whip
              (3 damage)
             ... on level 2 of the Dungeon.
             The game lasted 00:04:10 (1180 turns).

Scotteh the Skirmisher (Draconian Berserker)        Turns: 1180, Time: 00:04:11

Health: -2/33      AC:  5    Str: 20    XL:     3   Next: 69%
Magic:  3/3        EV: 12    Int:  7    God:    Trog [**....]
Gold:   89         SH:  0    Dex: 10    Spells: 2/2 levels left

rFire    . . .     SeeInvis .   a - +0 falchion
rCold    . . .     Gourm    .   (no shield)
rNeg     . . .     Faith    .   (armour unavailable)
rPois    .         Spirit   .   (helmet restricted)
rElec    .         Reflect  .   (no cloak)
rCorr    .         Harm     .   (no gloves)
MR       .....                  (no boots)
Stlth    +.........             (no amulet)
Regen    0.2/turn               (no ring)
MPRegen  0.1/turn               (no ring)

@: no status effects
A: unfitting armour, cold-blooded, AC +5
a: Berserk, Trog's Hand, Burn Spellbooks, Renounce Religion


You were on level 2 of the Dungeon.
You worshipped Trog.
Trog was pleased with you.
You were very hungry.

You visited 1 branch of the dungeon, and saw 2 of its levels.

You collected 89 gold pieces.

Inventory:

Hand Weapons
 a - a +0 falchion (weapon)
Scrolls
 d - a scroll of blinking {unknown}
 e - a scroll of immolation {unknown}
 g - a scroll of teleportation {unknown}
 i - a scroll of identify {unknown}
 j - a scroll of random uselessness {unknown}
Potions
 c - 2 potions of might {unknown}
 f - a potion of agility {unknown}
 h - a potion of curing
 k - a potion of resistance {unknown}
Comestibles
 b - a bread ration
 l - a royal jelly


   Skills:
 + Level 4.1 Fighting
 + Level 4.0 Long Blades
 + Level 2.8 Dodging


You had 2 spell levels left.
You didn't know any spells.

Dungeon Overview and Level Annotations

Branches:
Dungeon (2/15)

Altars:
Cheibriados
Fedhas


Innate Abilities, Weirdness & Mutations

Your plain brown scales are hard. (AC +5)
You cannot fit into any form of body armour.
You are cold-blooded and may be slowed by cold attacks.


Message History

A gnoll comes into view. It is wielding a club.
The gnoll hits you with a whip.
* * * LOW HITPOINT WARNING * * *
You are feeling very hungry.
You hit the gnoll but do no damage.
The gnoll is heavily wounded.
The gnoll hits you but does no damage. The gnoll hits you with a whip.
* * * LOW HITPOINT WARNING * * *
It was a potion of curing.
You feel better.
The gnoll hits you from afar with a spear!
* * * LOW HITPOINT WARNING * * *
The gnoll closely misses you.
You closely miss the gnoll.
The gnoll is heavily wounded.
The gnoll shouts!
The gnoll hits you but does no damage. x2
You hit the gnoll.
The gnoll is almost dead.
The gnoll barely misses you. The gnoll hits you with a whip.
You die...

#.#.#.#########......#
#......
......(.(.......#≈..≈≈#
#.#####
#......#.##.#####≈.≈≈.##
#.##### ##.....#.##.#
#.≈≈_≈≈.####.##...
##......##.#
#..≈≈≈[.#.......##
##......###.#
#.≈≈..≈.#.##.#####
#.......###.#
#.##......##......
............#
#.##.##.##########
#......###### #@ggg†..#
#. ##.....# ####g)### #.
###...# #.#.# #.
####...###### #.###.. #.
....†.......#####.# #.g.
#. ...............###
..... #.
............##.# .... #.
####...#.##.##.####..#
... ##
#...#.##..........# ###


You could see 4 gnolls.

Vanquished Creatures
  A worm (D:2)
  2 dart slugs
  2 leopard geckos (D:1)
  2 giant cockroaches (D:1)
  5 goblins
  10 hobgoblins
  7 kobolds
  7 bats
  3 frilled lizards (D:1)
  2 rats (D:1)
41 creatures vanquished.

Notes
Turn   | Place    | Note
-------+----------+-------------------------------------------
     0 | D:1      | Scotteh the Draconian Berserker began the quest for the Orb.
     0 | D:1      | Reached XP level 1. HP: 19/19 MP: 1/1
   300 | D:1      | Reached XP level 2. HP: 24/26 MP: 2/2
   615 | D:1      | Reached XP level 3. HP: 33/33 MP: 3/3
   640 | D:1      | Found a snail-covered altar of Cheibriados.
   780 | D:1      | Reached ** piety under Trog
  1004 | D:2      | Found a blossoming altar of Fedhas.
  1178 | D:2      | HP: 1/33 [gnoll/spear (11)]
  1180 | D:2      | Slain by a gnoll

Skill      XL: |  1  2  3 |
---------------+----------+-----
Fighting       | 4 |  4.1
Long Blades    | 4 |  4.0
Dodging        | |  2.8

Action                   || total
-------------------------++-------
Melee: Falchion          ||   101
       Tailslap          ||    14
  Use: Potion            ||     1
Armor: Skin              ||    34
Dodge: Dodged            ||    69
       Rpst.: Falchion   ||    22
